 Dungeon Crawl Stone Soup version 0.30-a0-956-gcec3b41aec (webtiles) character file.

Game seed: 5047831816694658968

12034 sasquatch the Brawler (level 11, -5/141 HPs)
             Began as a Troll Berserker on Mar 29, 2023.
             Was a High Priest of Trog.
             Slain by an orc warrior
             ... wielding a +0 hand axe
             ... led by an orc warlord
              (11 damage)
             ... on level 2 of the Orcish Mines.
             The game lasted 00:16:37 (8416 turns).

sasquatch the Brawler (Troll Berserker)             Turns: 8416, Time: 00:16:38

Health: -5/141     AC:  7    Str: 37    XL:     11   Next: 57%
Magic:  10/10      EV:  8    Int:  3    God:    Trog [*****.]
Gold:   785        SH: 18    Dex: 15    Spells: 10/10 levels left

rFire   . . .      SeeInvis .      - Unarmed
rCold   . . .      Faith    .    b - +2 tower shield
rNeg    . . .      Spirit   .    S - +0 troll leather armour
rPois   .          Reflect  .    (helmet restricted)
rElec   .          Rampage  .    s - +0 cloak
rCorr   .                        (gloves unavailable)
Will    .....                    (boots unavailable) Stlth
                                 (no amulet)
HPRegen 2.03/turn                e - +6 ring of dexterity
MPRegen 0.12/turn                a - +6 ring of strength

@: berserking, very quick
A: large, unfitting armour, claws 3, regeneration 1, shaggy fur 1, tough skin 1
a: Renounce Religion, Berserk, Trog's Hand, Brothers in Arms


You were on level 2 of the Orcish Mines.
You worshipped Trog.
Trog was extremely pleased with you.
You visited 2 branches of the dungeon, and saw 13 of its levels.
You also visited: Sewer and Ossuary.

You collected 925 gold pieces.
You spent 140 gold pieces at shops.

Inventory:

Missiles
 q - 29 poisoned darts (quivered)
 G - 8 javelins
 P - a throwing net
Armour
 b - a +2 tower shield (worn)
 s - a +0 cloak (worn)
 K - +0 steam dragon scales
 R - +1 swamp dragon scales
 S - a +0 troll leather armour (worn)
Jewellery
 a - a +6 ring of strength (right claw)
 e - a +6 ring of dexterity (left claw)
 k - a +6 ring of dexterity
 m - a ring of positive energy
Wands
 c - a wand of paralysis (17)
 p - a wand of acid (7)
 y - a wand of flame (16)
 N - a wand of polymorph (6)
Scrolls
 d - 3 scrolls of fear
 i - a scroll of blinking
 j - 3 scrolls of amnesia
 l - 6 scrolls of fog
 n - 4 scrolls of enchant weapon
 o - a scroll of identify
 x - 6 scrolls of teleportation
 A - 3 scrolls of poison {unknown}
 C - a scroll of immolation {unknown}
 H - a scroll of torment {unknown}
 I - 4 scrolls of enchant armour {unknown}
 O - 3 scrolls of magic mapping
 Q - a scroll of acquirement {unknown}
Potions
 f - 4 potions of mutation
 g - 2 potions of attraction
 h - 4 potions of heal wounds
 r - 2 potions of flight
 t - 2 potions of lignification
 u - a potion of ambrosia
 v - a potion of haste
 z - a potion of brilliance {unknown}
 B - a potion of magic
 D - 6 potions of curing
 E - 4 potions of berserk rage
 F - 2 potions of resistance
 J - 3 potions of might
 L - 2 potions of cancellation {unknown}
 M - a potion of invisibility {unknown}


   Skills:
 - Level 2.4 Fighting
 - Level 2.4 Dodging
 + Level 9.9 Shields
 * Level 15.3 Unarmed Combat


You had 10 spell levels left.
You didn't know any spells.
Your spell library was empty.

Dungeon Overview and Level Annotations

Branches:
Dungeon (11/15)            Temple (0/1) D:5             Orc (2/2) D:10
  Sewer (visited)         Ossuary (visited)
   Lair: D:8-11         Elf: Orc:2

Altars:
Ashenzari
Cheibriados
Dithmenos
Elyvilon
Fedhas
Kikubaaqudgha
Nemelex Xobeh
Okawaru
Qazlal
Sif Muna
Wu Jian
Xom
Yredelemnul
Zin

Shops:
D:2 [*   D:3 ?   D:5 (


Innate Abilities, Weirdness & Mutations

You are too large for most types of armour.
You have claws for hands.
Your natural rate of healing is unusually fast.
You are covered in fur. (AC +1)
You have tough skin. (AC +1)


Message History

You mangle the orc sorcerer!!
You kill the orc sorcerer!
Trog accepts your kill.
Trog appreciates your killing of a magic user.
You block the troll's attack. The troll claws you.
You block the troll's attack. You block the orc warrior's attack.
Unknown command.
You claw the orc warrior!
The orc warrior is heavily wounded.
Unknown command.
You mangle the orc warrior!!
You feel the power of Trog in you as your rage grows.
You kill the orc warrior!
Trog accepts your kill.
The orc warrior no longer looks unusually strong. x2
The troll bites you!
* * * LOW HITPOINT WARNING * * *
The troll claws you!
* * * LOW HITPOINT WARNING * * *
You block the troll's attack.
The orc warrior hits you with a +0 hand axe!
* * * LOW HITPOINT WARNING * * *
You mangle the troll!!
The troll is heavily wounded.
Unknown command.
You claw the troll!
The troll is almost dead.
The troll bites you!
* * * LOW HITPOINT WARNING * * *
The troll claws you!
* * * LOW HITPOINT WARNING * * *
You block the troll's attack.
The orc warrior hits you with a +0 hand axe.
* * * LOW HITPOINT WARNING * * *
You block the orc warrior's attack.
You claw the troll!
You kill the troll!
Trog accepts your kill.
The orc warrior hits you with a +0 hand axe!
You die...

## ##.##### #......##
#.......# #......#### ..
##..O.....#
...####...o....##
........oo#.....#
........)@o##.....To ....#
...........# .....o.
...###..........###.......
...............#.#...###..
.........#........... .
#........#........#..#
##......# ####.....#.##
##..))...# #......#
#....)..# #.....####


You could see 2 orc warriors, an ogre and 2 orcs.

Vanquished Creatures
  An orc warlord (Orc:2)
  Josephine (Orc:1)
  Urug (D:10)
  An orc sorcerer (Orc:2)
  Maggie (D:7)
  3 trolls
  A hornet (D:8)
  3 wraiths (Orc:1)
  2 shadows (D:10)
  5 yaks (D:10)
  2 vampires (D:10)
  3 wyverns
  A steam dragon (D:8)
  Eustachio (D:6)
  A human (D:6)
  A warg (Orc:2)
  An acid dragon (D:10)
  A two-headed ogre zombie (D:10)
  A water moccasin (Sewer)
  9 orc warriors
  3 black bears
  2 ice beasts (D:7)
  5 centaurs
  2 phantoms (D:5)
  4 kobold brigands
  2 bullfrogs
  4 necrophages (D:7)
  A wyvern zombie (D:7)
  2 scorpions
  A water moccasin zombie (Ossuary)
  10 wights
  2 troll zombies (D:10)
  2 howler monkeys
  6 centaur zombies
  3 bullfrog zombies (Ossuary)
  3 human zombies
  11 orc priests
  3 gnoll boudas
  3 hounds
  2 sleepcaps (D:6)
  Crazy Yiuf (D:2)
  Ijyb (D:3)
  2 iguanas
  Natasha (thrice) (D:2)
  18 orc wizards
  A killer bee zombie (D:7)
  7 ogre zombies
  A mummy (D:7)
  A howler monkey zombie (D:7)
  Robin (D:3)
  7 adders
  25 gnolls
  A white imp (D:5)
  An ufetubus (D:5)
  2 adder zombies (Ossuary)
  3 dart slugs
  58 orcs
  4 endoplasms
  6 giant cockroaches
  5 gnoll zombies (Ossuary)
  10 goblins
  12 hobgoblins
  7 jackals
  7 quokkas
  10 ball pythons
  11 bats
  2 frilled lizards
  2 goblin skeletons (D:10)
  7 goblin zombies
  5 hobgoblin zombies
  31 kobolds
  2 orc skeletons (D:10)
  22 orc zombies
  5 rats
392 creatures vanquished.

Vanquished Creatures (others)
  An orc (Orc:1)
1 creature vanquished.

Grand Total: 393 creatures vanquished

Notes
Turn   | Place    | Note
-------+----------+-------------------------------------------
     0 | D:1      | sasquatch the Troll Berserker began the quest for the Orb.
     0 | D:1      | Reached XP level 1. HP: 22/22 MP: 0/0
    80 | D:1      | Reached XP level 2. HP: 29/29 MP: 1/1
   153 | D:1      | Reached skill level 1 in Shields
   435 | D:1      | Reached ** piety under Trog
   438 | D:1      | Reached XP level 3. HP: 36/36 MP: 2/2
   567 | D:2      | Reached skill level 4 in Unarmed Combat
   596 | D:2      | Found Gedoha's Assorted Antiques.
   724 | D:2      | Noticed Natasha
   735 | D:2      | Killed Natasha
   736 | D:2      | Reached XP level 4. HP: 25/44 MP: 3/3
   939 | D:2      | Noticed Natasha
   945 | D:2      | Killed Natasha
  1001 | D:2      | Found Goki's Armour Shop.
  1046 | D:2      | Found a runed translucent door.
  1047 | D:2      | Noticed Crazy Yiuf
  1178 | D:2      | Noticed Natasha
  1248 | D:2      | Killed Natasha
  1299 | D:2      | Killed Crazy Yiuf
  1300 | D:2      | Reached skill level 5 in Unarmed Combat
  1300 | D:2      | Reached XP level 5. HP: 50/50 MP: 4/4
  1530 | D:3      | Found a glowing drain.
  1543 | Sewer    | Entered a sewer
  1576 | Sewer    | Noticed a water moccasin
  1583 | Sewer    | Killed a water moccasin
  1584 | Sewer    | Reached XP level 6. HP: 59/59 MP: 5/5
  1712 | D:3      | Found a shimmering altar of Xom.
  1789 | D:3      | Noticed Robin
  1815 | D:3      | Killed Robin
  1854 | D:3      | Found The Oracle's Delphic Readings.
  1860 | D:3      | Bought a scroll of teleportation for 42 gold pieces
  1860 | D:3      | Bought a scroll of teleportation for 42 gold pieces
  1860 | D:3      | Bought a scroll of fog for 56 gold pieces
  2011 | D:3      | Reached *** piety under Trog
  2012 | D:3      | Reached skill level 6 in Unarmed Combat
  2056 | D:3      | Noticed Ijyb
  2062 | D:3      | Killed Ijyb
  2613 | D:4      | Found a sand-covered staircase.
  2618 | Ossuary  | Entered an ossuary
  2630 | Ossuary  | Reached XP level 7. HP: 57/66 MP: 6/6
  2679 | Ossuary  | Reached skill level 7 in Unarmed Combat
  2697 | Ossuary  | Reached **** piety under Trog
  2781 | Ossuary  | Reached skill level 8 in Unarmed Combat
  2782 | Ossuary  | Noticed a silent spectre
  2892 | D:4      | Found a snail-covered altar of Cheibriados.
  2900 | D:4      | Reached XP level 8. HP: 59/74 MP: 7/7
  2966 | D:4      | Found an ornate altar of the Wu Jian Council.
  2978 | D:4      | Found a shadowy altar of Dithmenos.
  3329 | D:4      | Found a blossoming altar of Fedhas.
  3334 | D:4      | Reached skill level 5 in Shields
  3490 | D:5      | Entered Level 5 of the Dungeon
  3495 | D:5      | Reached skill level 9 in Unarmed Combat
  3620 | D:5      | Found Etehyl's Antique Weapon Emporium.
  3730 | D:5      | Found a staircase to the Ecumenical Temple.
  3875 | D:5      | Found a shimmering blue altar of Sif Muna.
  3905 | D:5      | Reached ***** piety under Trog
  4329 | D:6      | Noticed Eustachio
  4347 | D:6      | Killed Eustachio
  4348 | D:6      | Reached skill level 10 in Unarmed Combat
  4408 | D:6      | Reached XP level 9. HP: 80/80 MP: 8/8
  4417 | D:6      | Found a runed translucent door.
  4985 | D:6      | Found a basalt altar of Yredelemnul.
  5206 | D:7      | You fall into a shaft and drop 1 floor!
  5236 | D:7      | Reached skill level 11 in Unarmed Combat
  5274 | D:7      | Received a gift from Trog
  5496 | D:7      | Found a broken altar of Ashenzari.
  5497 | D:7      | Noticed Maggie
  5507 | D:7      | Killed Maggie
  5617 | D:7      | Reached skill level 12 in Unarmed Combat
  5878 | D:7      | Reached XP level 10. HP: 88/88 MP: 9/9
  5960 | D:7      | Found an ancient bone altar of Kikubaaqudgha.
  6105 | D:8      | Paralysed by an orc for 5 turns
  6402 | D:8      | Found a stormy altar of Qazlal.
  6483 | D:8      | Found a sparkling altar of Nemelex Xobeh.
  6729 | D:9      | Reached skill level 13 in Unarmed Combat
  6989 | D:9      | Found a glowing silver altar of Zin.
  6992 | D:9      | Found an iron altar of Okawaru.
  6996 | D:9      | Received a gift from Trog
  7044 | D:9      | Found a white marble altar of Elyvilon.
  7158 | D:10     | Entered Level 10 of the Dungeon
  7491 | D:10     | Found a staircase to the Orcish Mines.
  7553 | D:10     | Reached skill level 14 in Unarmed Combat
  7630 | D:10     | Noticed Urug
  7638 | D:10     | Killed Urug
  7639 | D:10     | Reached XP level 11. HP: 94/94 MP: 10/10
  7695 | D:10     | Received a gift from Trog
  8122 | Orc:1    | Entered Level 1 of the Orcish Mines
  8187 | Orc:1    | Noticed Josephine
  8202 | Orc:1    | Killed Josephine
  8332 | Orc:2    | Entered Level 2 of the Orcish Mines
  8375 | Orc:2    | Noticed an orc warlord
  8394 | Orc:2    | Noticed an orc sorcerer
  8405 | Orc:2    | Killed an orc warlord
  8406 | Orc:2    | Reached skill level 15 in Unarmed Combat
  8411 | Orc:2    | Killed an orc sorcerer
  8415 | Orc:2    | HP: 5/141 [orc warrior/+0 hand axe[an orc warlord] (3)]
  8416 | Orc:2    | Slain by an orc warrior

Illustrated notes

Levels and vault maps discovered:
D:1:      pf_arrival_petrified_forest, layout_basic, minmay_hexomino_u4
D:2:      layout_basic, serial_shops, shop, nicolae_lakefront_shop,
          uniq_natasha, uniq_crazy_yiuf_cottage
D:3:      layout_loops_corners, mainiacjoe_overflow_paths,
          cheibrodos_sewer_entry_drain, nicolae_nh_oracle_at_delphi, uniq_robin,
          uniq_ijyb
D:4:      layout_loops_ring, nicolae_overflow_quartered_altars, enter_ossuary_2,
          guppyfry_early_orc_mine
D:5:      layout_loops_ring, mainiacjoe_overflow_alcove_2,
          minmay_temple_entry_large_hall, serial_shops, shop,
          chequers_serial_rivers_room_b, kennysheep_small_spiral
D:6:      layout_gridville, dk_yredelemnul_ordeal, kennysheep_generic_room_15,
          uniq_eustachio
D:7:      layout_basic, lemuel_mausoleum_altar_kikubaaqudgha,
          ashenzari_conservatory_becter, uniq_maggie
D:8:      layout_cave_pools, nemelex_xobeh_ov_fountains_minmay,
          nicolae_qazlal_scattered_showers, enter_bailey_2
D:9:      layout_cave_pools, gammafunk_temple_overflow_pools,
          nicolae_overflow_crystal_walls
D:10:     layout_rooms, zombieorc2_lemuel, kennysheep_nondescript, uniq_urug
D:11:     minmay_weird_star, layout_gridville, erik_lair_dragon
Orc:1:    layout_caves, uniq_josephine, uniq_gastronok
Orc:2:    st_orc_rangers, layout_diamond_mine

Skill      XL: |  1  2  3  4  5  6  7  8  9 10 11 |
---------------+----------------------------------+-----
Shields        | 1 2 3 4 6 7 9 |  9.9
Unarmed Combat | 4 5 6 8 10 12 14 15 | 15.3
Fighting       | |  2.4
Dodging        | |  2.4

Action                     |  1- 3 |  4- 6 |  7- 9 | 10-12 || total
---------------------------+-------+-------+-------+-------++-------
  Melee: Unarmed           |    56 |   187 |   350 |   372 ||   965
         Punch             |     1 |     2 |    15 |       ||    18
 Invoke: Berserk           |       |     3 |     3 |     6 ||    12
         Trog's Hand       |       |       |       |     1 ||     1
         Brothers in Arms  |       |       |       |     2 ||     2
  Evoke: Wand              |       |       |       |     1 ||     1
    Use: Scroll            |       |     5 |     7 |     4 ||    16
         Potion            |       |       |       |     2 ||     2
   Stab: Sleeping          |     2 |     3 |     3 |     1 ||     9
 Armour: Animal skin       |    14 |    61 |    93 |    82 ||   250
         Troll leather arm |       |       |       |    10 ||    10
         Swamp dragon scal |       |       |       |     6 ||     6
  Dodge: Dodged            |    22 |    96 |   141 |    82 ||   341
  Block: Tower shield      |       |       |    58 |   372 ||   430

Table legend: (Time is in decaauts)
 A = Elapsed time spent in this place.
 B = Non-inter-level travel time spent in this place.
 C = Inter-level travel time spent in this place.
 D = Time resting spent in this place.
 E = Time spent auto-exploring this place.
 F = Levels seen in this place.
 G = Mean time per level.
                   A        B        C        D        E       F      G
               +--------+--------+--------+--------+--------+-----+--------+
         Total |   8445 |   7872 |    573 |    285 |   5605 |  15 |  563.0 |
       Dungeon |   7845 |   7285 |    560 |    258 |   5334 |  11 |  713.2 |
  Orcish Mines |    309 |    296 |     13 |     24 |    158 |   2 |  154.5 |
         Sewer |    100 |    100 |      0 |      2 |     42 |   1 |  100.0 |
       Ossuary |    191 |    191 |      0 |      0 |     71 |   1 |  191.0 |
               +--------+--------+--------+--------+--------+-----+--------+

Top non-repeatable levels by time:
     D:7: 956 daAuts
     D:2: 933 daAuts
     D:4: 876 daAuts
     D:3: 843 daAuts
     D:6: 840 daAuts
     D:5: 791 daAuts
    D:10: 760 daAuts
     D:9: 690 daAuts
     D:8: 617 daAuts
     D:1: 534 daAuts
   Orc:1: 231 daAuts
 Ossuary: 191 daAuts
   Sewer: 100 daAuts
   Orc:2: 77 daAuts
    D:11: 1 daAuts
